Cogmind - Beta 11.1 @@@ ROGUE MODE // 2022.05.14 @ 03:53:18 Player: Olga Result: Self-destructed Performance ------------- Evolutions (1) 500 Regions Visited (2) 400 Robots Destroyed (0) 0 Value Destroyed (0) 0 Prototype IDs (0) 0 Alien Tech Used (0) 0 Bonus (200) 200 TOTAL SCORE: 1100 Bonus ------- Pacifist 200 Cogmind --------- Core Integrity 285/400 Matter 263/300 Energy 99/100 System Corruption 1% Temperature Cool (9) Movement Core (50) Location -9/Materials Parts ------- > --- POWER (1) -------- (None) > --- PROPULSION (2) --- (None) > --- UTILITY (4) ------ Machine Analyzer > --- WEAPON (2) ------- (None) > --- INVENTORY (5) ---- (None) Peak State ------------ > --- POWER ------------ (None) > --- PROPULSION ------- (None) > --- UTILITY ---------- Machine Analyzer > --- WEAPON ----------- (None) > --- INVENTORY -------- (None) [Rating: 3] Favorites ----------- Power None Propulsion None Utility Machine Analyzer Processor Machine Analyzer Weapon None Build | -11 -10 -9 ------- Run | Scr Mat Mat Slots Evolved 2 | . . 2 Power . | . . . Propulsion . | . . . Utility 2 | . . 2 Weapon . | . . . Parts Attached 1 | . . 1 Power . | . . . Engine . | . . . Core . | . . . Reactor . | . . . Propulsion . | . . . Treads . | . . . Leg . | . . . Wheel . | . . . Hover . | . . . Flight . | . . . Utility 1 | . . 1 Device . | . . . Storage . | . . . Processor 1 | . . 1 Hackware . | . . . Protection . | . . . Artifact . | . . . Weapon . | . . . Energy Gun . | . . . Energy Cannon . | . . . Ballistic Gun . | . . . Ballistic Cannon . | . . . Launcher . | . . . Special Weapon . | . . . Impact Weapon . | . . . Slashing Weapon . | . . . Piercing Weapon . | . . . Special Melee Weapon . | . . . Unidentified Prototypes . | . . . Parts Lost . | . . . Power . | . . . Propulsion . | . . . Utility . | . . . Weapon . | . . . Highest Loss Streak . | . . . To Critical Strikes . | . . . Average Slot Usage (%) 7 | . . 11 Processor 7 | . . 11 Naked Turns 43 | . 36 7 Heaviest Build . | . . . Greatest Support 3 | 3 3 3 Greatest Overweight (x) . | . . . Average Overweight (x) . | . . . Largest Inventory Capacity 5 | 5 5 5 Average Capacity 5 | 5 5 5 Most Carried 4 | 4 . . Average Carried . | 2 . . Final Capacity 5 | 5 5 5 Final Carried . | . . . Class Distribution -------------------- 100% | Mutant Dominant Class ---------------- Mutant | -10/Materials Mutant | -9/Materials Resources | -11 -10 -9 ----------- Run | Scr Mat Mat Matter Collected 170 | 170 . . Remotely . | . . . Salvage Created . | . . . Parts . | . . . Haulers Intercepted . | . . . Recyclers Shooed . | . . . Parts Field Recycled . | . . . Retrieved Matter . | . . . Parts Self-Destructed . | . . . Prevented . | . . . Kills | -11 -10 -9 ------- Run | Scr Mat Mat Combat Hostiles Destroyed . | . . . Classes Destroyed . | . . . Best Kill Streak . | . . . Combat Bots Only . | . . . Max Kills in Single Turn . | . . . Gunslinging . | . . . Exploded . | . . . Melee . | . . . Uniques/NPCs Destroyed . | . . . Combat | -11 -10 -9 -------- Run | Scr Mat Mat Damage Taken 301 | . 186 115 Core 301 | . 186 115 Absorbed by Shields . | . . . Core Remaining (%) 62 | 100 25 . Volleys Fired . | . . . Largest . | . . . Hottest . | . . . Shots Fired . | . . . Gun . | . . . Cannon . | . . . Launcher . | . . . Special . | . . . Kinetic . | . . . Thermal . | . . . Explosive . | . . . Electromagnetic . | . . . Robot Hit Streak . | . . . Robot Miss Streak . | . . . Penetration Max . | . . . Secondary Targets . | . . . Shots Hit Robots . | . . . Core Hits . | . . . Critical Kills . | . . . Critical Parts Destroyed . | . . . Critical Strikes . | . . . Melee Attacks . | . . . Impact . | . . . Slashing . | . . . Piercing . | . . . Sneak Attacks . | . . . Combat Hostiles . | . . . Follow-up Attacks . | . . . Damage Inflicted 12 | . . 12 Guns . | . . . Cannons . | . . . Explosions . | . . . Melee . | . . . Ramming 12 | . . 12 Kinetic . | . . . Thermal . | . . . Explosive . | . . . Electromagnetic . | . . . Impact . | . . . Slashing . | . . . Piercing . | . . . Highest Corruption 1 | . . 1 Average Corruption 1 | . . 1 Corruption Purged . | . . . Corruption Blocked . | . . . Overload Shots . | . . . Overflow Damage . | . . . Projectiles . | . . . Explosions . | . . . Melee . | . . . Knockbacks . | . . . Impact . | . . . Kinetic . | . . . Secondary . | . . . Self-Inflicted Damage 6 | . . 6 Shots . | . . . Rammed 1 | . . 1 Targets Rammed 1 | . . 1 Kicked . | . . . Crushed . | . . . Highest Temperature . | . . . Average Temperature . | . . . Received Heat Transfer 147 | . 105 42 Siege Activations . | . . . Robots Corrupted . | . . . Combat Hostiles . | . . . Parts Fried . | . . . Impact Corruptions . | . . . Robots Melted . | . . . Combat Hostiles . | . . . Parts Melted . | . . . Heat Transferred . | . . . Parts Sabotaged . | . . . Parts Stolen . | . . . Parts Stripped . | . . . Power Chain Reactions . | . . . Missiles Intercepted . | . . . Alert | -11 -10 -9 ------- Run | Scr Mat Mat Peak Influence 81 | . 19 81 Initial 7 | . . 7 Average 32 | . 10 41 Maximum Alert Level . | . . . Low Security (%) 100 | 100 100 100 Level 1 . | . . . Level 2 . | . . . Level 3 . | . . . Level 4 . | . . . Level 5 . | . . . High Security . | . . . Max Security . | . . . Squads Dispatched 5 | . 1 4 Investigation 2 | . . 2 Extermination . | . . . Reinforcement 3 | . 1 2 Assault . | . . . Garrison . | . . . Intercept . | . . . Searches Triggered . | . . . Construction Impeded . | . . . Haulers Reinforced . | . . . Active Scanning Responses . | . . . Cargo Convoy Interrupts . | . . . Stealth | -11 -10 -9 --------- Run | Scr Mat Mat Distress Signals . | . . . Communications Jammed . | . . . Distress Signals . | . . . Times Spotted 18 | . 5 13 Peak Tracking Total 10 | . 4 10 Tactical Retreats 1 | . . 1 Traps | -11 -10 -9 ------- Run | Scr Mat Mat Traps Triggered . | . . . Indirectly . | . . . Trap Hack Attempts . | . . . Triggered . | . . . Disarmed . | . . . Reprogrammed . | . . . Reused . | . . . Traps Extracted . | . . . Installed . | . . . Triggered . | . . . Machines | -11 -10 -9 ---------- Run | Scr Mat Mat Machines Disabled . | . . . Max in Single Turn . | . . . Machines Sabotaged . | . . . Garrisons Compromised . | . . . Overloaded Fab Kills . | . . . Hacking | -11 -10 -9 --------- Run | Scr Mat Mat Machines Accessed 5 | . 2 3 Terminals 5 | . 2 3 Fabricators . | . . . Repair Stations . | . . . Recycling Units . | . . . Scanalyzers . | . . . Garrison Access . | . . . Total Hacks 21 | . 10 11 Successful 8 | . 4 4 Failed 13 | . 6 7 Catastrophic 4 | . 1 3 Database Lockouts . | . . . Manual 19 | . 10 9 Terminals 21 | . 10 11 Fabricators . | . . . Repair Stations . | . . . Recycling Units . | . . . Scanalyzers . | . . . Garrison Access . | . . . Terminal Hacks 4 | . 2 2 Level Access Points 2 | . 1 1 Terminal Index 2 | . 1 1 Fabricator Hacks . | . . . Repair Station Hacks . | . . . Recycling Unit Hacks . | . . . Scanalyzer . | . . . Garrison Access Hacks . | . . . Unauthorized Hacks 4 | . 2 2 Terminals 4 | . 2 2 Botnet 4 | . 2 2 Fabricators . | . . . Repair Stations . | . . . Recycling Units . | . . . Scanalyzers . | . . . Garrison Access . | . . . Data Cores Recovered . | . . . Used . | . . . Hacking Detections 5 | . 2 3 Full Trace Events 3 | . . 3 Feedback Events 1 | . . 1 Corruption 1 | . . 1 Feedback Blocked . | . . . Robot Schematics Acquired . | . . . Robots Built . | . . . Authchips . | . . . Time . | . . . Total Robot Build Rating . | . . . Part Schematics Acquired . | . . . Parts Built . | . . . Authchips . | . . . Time . | . . . Total Part Build Rating . | . . . Parts Repaired . | . . . Time . | . . . Parts Recycled . | . . . Recycled Matter . | . . . Retrieved Matter . | . . . Retrieved Components . | . . . Parts Scanalyzed . | . . . Part Schematics Acquired . | . . . Parts Damaged . | . . . Bothacking | -11 -10 -9 ------------ Run | Scr Mat Mat Used RIF Installer . | . . . Robots Hacked . | . . . Non-combat . | . . . Combat . | . . . Robot Hacks Applied . | . . . Relay Couplers Released . | . . . Fabnet Peak Effective % . | . . . Robots Rewired . | . . . Allies Hacked . | . . . Hacks Repelled . | . . . Allies | -11 -10 -9 -------- Run | Scr Mat Mat Total Allies . | . . . Largest Group . | . . . Highest-Rated Group . | . . . Highest-Rated Ally . | . . . Total Orders . | . . . Ally Attacks . | . . . Total Damage . | . . . Kills . | . . . Allies Corrupted . | . . . Allies Melted . | . . . Intel | -11 -10 -9 ------- Run | Scr Mat Mat Robot Analysis Total . | . . . Derelict Logs Recovered . | . . . Drone Launches . | . . . Drone Recoveries . | . . . Exploration | -11 -10 -9 ------------- Run | Scr Mat Mat Turns Passed 137 | 3 36 98 Spaces Moved 263 | 1 72 190 Core 263 | 1 72 190 Treads . | . . . Legs . | . . . Wheels . | . . . Hover . | . . . Flight . | . . . Fastest Speed 50 | 50 50 50 Average Speed 50 | 50 50 50 Slowest Speed 50 | 50 50 50 Overloaded Moves . | . . . Propulsion Burnouts . | . . . Robots Hopped . | . . . Cave-ins Triggered . | . . . Exploration Rate (%) 20 | 2 24 34 Regions Visited 2 Branch Regions . Pre-discovered Areas . | . . . Known Exits Taken 1 | . 1 . Unknown Exits Taken 1 | 1 . . Scrap Searched . | . . . Spaces Dug . | . . . Terrain Destroyed . | . . . Melee . | . . . Projectile . | . . . AOE . | . . . Terrain Rammed . | . . . Walls Destroyed . | . . . Machines Disabled . | . . . Actions | -11 -10 -9 --------- Run | Scr Mat Mat Total 268 | 5 71 192 Wait . | . . . Move 261 | . 71 190 Hop . | . . . Pick Up . | . . . Fast Attach 1 | . . 1 Attach . | . . . Detach . | . . . Swap . | . . . Drop 5 | 5 . . Fire . | . . . Melee . | . . . Ram 1 | . . 1 Kick . | . . . Crush . | . . . Escape Stasis . | . . . Rewire . | . . . Trap . | . . . Miscellaneous . | . . . Route ------- -11/Scrapyard -10/Materials (discovered 3 exits: *Mat x3) -9/Materials (discovered 4 exits: Mat x3 / [*Min]) History --------- Turn | Location | Event 1 | -11/Scrapyard | Released all parts (6) 4 | -11/Scrapyard | Discovered new exit (range 0) 4 | -11/Scrapyard | Entered Materials 25 | -10/Materials | Identified exit to Materials 30 | -10/Materials | Core integrity fell below 50% 40 | -10/Materials | Entered another Materials area 40 | -9/Materials | Evolved 2 slots: Utility x2 85 | -9/Materials | Discovered new exit (range 16) 114 | -9/Materials | Identified exit to Materials 138 | -9/Materials | Self-destructed Last Messages --------------- Trojan loaded successfully. Testing... Terminal linked with 1 system. Awaiting botnet instructions. >>Access(Main) Found 3 level access points to Materials: (18,10) (84,92) (88,21) Map updated. Feedback: System corruption (+1%). 00114_ ALERT: Suspicious activity at Terminal M012. Dispatching Investigation squad. 00114_ K-01 Serf cleans the Atomic Centrifuge. 00118_ K-01 Serf collects debris. 00119_ >> Machine Analyzer network decryption results: 00119_ Terminal x4 00137_ >> Machine Analyzer network decryption results: 00137_ Recycling Unit x1 00137_ Scanalyzer x1 Map ----- +----------------------------------------------------+ | ??"""??"???# #?#[[[[!!#??????????????????????????? | | ??"""??T???# #?#[[[[!!###########????????????????? | | ??"""??"???# #?# # #????????????????? | | ???????????# #?###### # #????????????????? | | ??#####???##+######## + #????????????????? | | #???# ## # #????????????????? | | " " #???# T ## ###########????????????????? | | " T #???# ## #??????????????????????????? | | " " #???# ## #??????????????????????????? | | #???# ## #??????????????????????????? | | !! #???# """ ## #??????????????????????????? | | ! ] #???# """ ## #??????????????????????????? | | #??# """ ## #??????????????????????????? | | ########### + #??????????????????????????? | | ### ##/######## #??????????????????????????? | | ??????# #?????????????????????????T? | | < ??????# #??????????????????????????? | | ??????# #???????????????????"""""""? | | # ## ###### ###?????????????????"""""""? | | #??!"!" ## a #?????????????????"""""""? | | #?????"?## +?????????????????"""""""? | | #????????# #?????????????????"""""""? | | #????????# #????????????????????????? | | #????"""?# #####????????????????????? | | #????"R"?# """ """ #????????????????????? | | #????"?"?+ """ """ r @ #????????????????????? | | #????????# """ """ u ???????????????? | | #??????????? g u ??????????? | | # ?????????? a gg ?????????? | | ? ????????? """ "" ?????????? | | ? ?????????? """ T" ##??????????? | | ??????????????""" "" #### """ #???????????? | | ??????????????? #??? """ #???????????? | | ?????????????? ? #???? """??????????????? | | ?????????????####??#######???? ???????????????? | | ??????????????????????????????? ???????????????? | | ??????????????????"""?????????? """??????????????? | | ??????????????????"""???????????"""??????????????? | | ??????????????????"""???????????"""??????????????? | | ?????????????????????????????????????????????????? | | ??????????????????"""????????????????????????????? | | ??????????????????"""???""??????"""??????????????? | | ??????????????????"""???"""?????"""??????????????? | | ?????????????????????????S"?????"""??????????????? | | ???????????????"?????????????????????????????????? | | ???????????????T?????????????????????????????????? | | ???????????????"????????????????"""??????????????? | | ????????????????????????????????"""??????????????? | | ????????????????????????????????"""??????????????? | | ?????????????????????????????????????????????????? | +----------------------------------------------------+ Best States ------------- Heat Dissipation 28 Energy Generation 5 Energy Capacity 100 Matter Stores 270 Matter Capacity 300 Sight Range 16 Terrain Scan Density 10 Evasion (%) 50 Item Schematics ----------------- None Robot Schematics ------------------ None Fabricated ------------ Nothing Alien Tech Used ----------------- None Achievements -------------- None Challenges ------------ None Game ------ Seed SurveybotPrecisionEdition Manual? 0 Play Time 00:04:33 Cumulative 256.6 hours Start 2022.05.14 @ 03:50:30 End 2022.05.14 @ 03:53:18 Sessions 1 Manual Loads 0 Difficulty Rogue Special Mode None Game No. 390 Rogue 387 Adventurer 0 Explorer 3 Win Type - Total 9 Types 9/0/0/0/0/0/0/0/0 Lore% 71 Gallery% 75 Achievement% 63 Wizard Run 0 Options --------- ASCII 1 Keyboard 1 Movement Vi Keybinds 0 Fullscreen 1 Font 18/SmallcapsGlow Map View 76x50 Tactical HUD 1 Map Filters NONE Filters NONE Steam 1 RUN: 722892fc-3725-4795-bd6f-f052f96e2346